Map: Acid Plant LE

Players

Yakitto - Winner!

  • Race: Terran Terran
  • League: Platinum
  • Spawn Location: 11:00

axu

  • Race: Protoss Protoss
  • League: Platinum
  • Spawn Location: 5:00

VOD

Have the link to the VOD?

Description

Time

  • Played on: March 28, 2018, 11:57 a.m.
  • Length: 7:03
Show
View Real Time Build Order
Export as new Build Order

Yakitto Terran - Winner!

Build Orders: Cyclone Opening 

Get SALT Encoding   

  12  0:01  SCV  
  13  0:13  SCV  
  14  0:19  Supply Depot  
  14  0:25  Refinery  
  14  0:29  SCV  
  15  0:44  Barracks  
  15  0:47  SCV  
  16  0:53  Refinery  
  16  0:59  SCV  
  17  1:11  SCV  
  18  1:24  SCV  
  19  1:33  Factory  
  19  1:38  Orbital Command  
  19  1:47  Barracks Reactor  
  19  2:04  SCV  
  19  2:07  Supply Depot  
  20  2:16  SCV  
  20  2:20  Factory  
  21  2:27  Supply Depot  
  21  2:38  Cyclone  
  21  2:41  SCV  
  25  2:48  Cyclone  
  28  2:56  Supply Depot  
  28  2:57  SCV  
  32  3:05  Cyclone  
  32  3:12  SCV  
  33  3:19  Supply Depot  
  33  3:23  Cyclone  
  36  3:31  Cyclone  
  39  3:43  Supply Depot  
  39  3:44  Cyclone  
  42  3:55  Hellion  
  44  4:11  Cyclone  
  44  4:16  Hellion x2  
  51  4:21  Supply Depot  
  51  4:37  Cyclone  
  51  4:38  Hellion  
  32  6:03  Marine  
  31  6:18  Orbital Command, Cyclone x2  
  31  6:19  Cyclone  
  31  6:20  Marine  
  33  6:38  Marine  
Show
View Real Time Build Order
Export as new Build Order

axu Protoss 

Build Orders: 1 Gate Expand, Oracle Opening 

Get SALT Encoding   

  12  0:00  Probe  
  13  0:12  Probe  
  14  0:20  Pylon  
  14  0:25  Probe  
  15  0:38  Probe  
  15  0:41  Gateway  
  16  0:50  Probe (Chrono Boost)  
  17  0:58  Assimilator  
  17  1:02  Probe (Chrono Boost)  
  18  1:07  Probe (Chrono Boost)  
  19  1:16  Probe  
  20  1:27  Nexus  
  20  1:37  Cybernetics Core  
  20  1:49  Probe  
  21  1:58  Assimilator  
  21  2:00  Pylon  
  21  2:02  Probe (Chrono Boost)  
  22  2:14  Probe (Chrono Boost), Warp Gate  
  23  2:18  Stalker  
  25  2:30  Probe  
  26  2:41  Stargate  
  26  2:42  Probe  
  27  2:48  Probe (Chrono Boost)  
  27  2:50  Pylon  
  28  2:58  Probe (Chrono Boost)  
  29  3:00  Probe (Chrono Boost)  
  30  3:08  Probe (Chrono Boost)  
  30  3:09  Probe (Chrono Boost)  
  30  3:12  Twilight Council  
  32  3:13  Probe (Chrono Boost)  
  32  3:14  Probe  
  32  3:19  Gateway  
  34  3:24  Gateway  
  34  3:31  Oracle  
  37  3:36  Probe x2  
  39  3:48  Probe x2  
  41  4:00  Probe x2  
  43  4:06  Shield Battery  
  43  4:08  Shield Battery  
  45  4:12  Probe  
  44  4:20  Stalker x2  
  44  4:21  Stalker  
  44  4:23  Blink  
  50  4:28  Probe x2  
  52  4:32  Assimilator  
  52  4:35  Assimilator  
  52  4:40  Probe x2  
  52  5:05  Pylon  
  43  5:09  Pylon  
  38  5:15  Stalker x2  
  38  5:16  Stalker  
  40  5:52  Pylon  
  29  6:15  Stalker x2  
  8  6:39  Nexus  
Tags
 
Add a new tag
Caveats
  • Supply blocks, unpowered buildings, or Contaminate may cause inaccurate times.
  • Supply counts are checked every 10 seconds.